Map: Frozen Temple

Players

Tankist

  • Race: Terran Terran
  • League: Silver
  • Spawn Location: 5:00

Galaxus - Winner!

  • Race: Zerg Zerg
  • Spawn Location: 11:00

VOD

Have the link to the VOD?

Description

Time

  • Played on: May 7, 2016, 4:20 a.m.
  • Length: 50:55
Show
View Real Time Build Order
Export as new Build Order

Tankist Terran 

Build Orders: MMM Bio 

Get SALT Encoding   

  12  0:10  SCV  
  13  0:19  Supply Depot  
  13  0:22  SCV  
  14  0:47  Barracks  
  14  0:52  Barracks  
  14  0:58  Refinery  
  14  1:00  SCV  
  15  1:12  SCV  
  15  1:15  Refinery  
  16  1:24  SCV  
  17  1:37  Marine  
  17  1:38  Bunker  
  18  1:45  Supply Depot  
  18  1:47  Marine  
  18  1:52  SCV  
  20  1:55  Marine  
  21  2:04  SCV  
  22  2:13  Marine  
  23  2:16  Bunker  
  23  2:22  Marine  
  24  2:30  Marine  
  24  2:34  Factory  
  25  2:39  Marine  
  26  2:51  Factory  
  26  2:54  Marine  
  27  3:05  Barracks Tech Lab  
  27  3:16  Marine  
  28  3:26  Engineering Bay  
  28  3:28  Marauder  
  30  3:34  Marine  
  31  3:53  Supply Depot  
  31  3:56  Orbital Command  
  31  4:14  Marine, Widow Mine  
  31  4:16  Supply Depot  
  34  4:19  Stimpack  
  34  4:32  Marine  
  35  4:40  Missile Turret  
  35  4:42  Widow Mine  
  37  5:01  Marine  
  38  5:07  Missile Turret  
  38  5:11  Widow Mine  
  40  5:15  SCV  
  40  5:19  Marine  
  42  5:25  Factory Tech Lab  
  42  5:30  Building Armor  
  42  5:34  SCV  
  43  5:37  Marine  
  44  5:53  Factory Tech Lab  
  44  5:56  Marine  
  43  6:00  Bunker  
  43  6:14  Marine  
  43  6:16  Starport  
  43  6:18  Marauder  
  46  6:20  Concussive Shells  
  46  6:33  Siege Tank  
  46  6:37  Sensor Tower  
  47  6:50  Marine  
  46  7:00  Supply Depot  
  46  7:05  Liberator  
  46  7:08  Missile Turret, Marine  
  47  7:19  Terran Infantry Armor Level 1  
  47  7:21  Widow Mine  
  47  7:22  Marauder  
  54  7:23  Supply Depot  
  53  7:33  Missile Turret  
  53  7:36  Marine  
  54  7:50  Widow Mine  
  49  7:54  Marine  
  44  8:12  Bunker, Marine  
  45  8:20  Medivac  
  45  8:23  Combat Shields  
  45  8:26  Widow Mine  
  47  8:30  Marine  
  47  8:32  Supply Depot  
  47  8:33  Liberator  
  50  8:44  Bunker  
  50  8:48  Marine  
  54  9:05  Marine  
  54  9:06  Siege Tank  
  58  9:16  Liberator  
  58  9:19  Missile Turret  
  58  9:23  Marine  
  60  9:41  Marine  
  60  9:44  Cyclone  
  64  9:50  Bunker  
  64  9:59  Neosteel Frame, Marine  
  65  10:16  Supply Depot  
  65  10:17  Marine  
  66  10:31  Missile Turret  
  66  10:35  Marine  
  67  10:40  Widow Mine  
  69  10:52  Marine  
  69  10:54  Bunker  
  70  11:10  Marine  
  71  11:12  Marauder  
  71  11:15  Starport Reactor  
  73  11:28  Marine  
  73  11:29  Missile Turret  
  74  11:36  Widow Mine  
  76  11:46  Marine  
  77  11:50  Armory  
  77  12:04  Marine  
  78  12:21  Marine  
  79  12:55  Command Center  
  79  13:05  Marine  
  80  13:23  Marine  
  81  13:41  Marine  
  82  13:51  Terran Vehicle And Ship Armor Level 1  
  82  13:59  Marine  
  83  14:16  SCV  
  84  14:27  Orbital Command  
  84  14:47  Widow Mine  
  86  15:17  SCV  
  87  15:29  SCV  
  87  15:33  Marine  
  89  15:45  Hellion  
  91  15:51  Marine  
  92  16:08  Marine  
  94  16:26  Planetary Fortress, Marine  
  69  18:11  Starport  
  69  18:16  Armory  
  69  18:28  Supply Depot  
  69  18:52  Supply Depot  
  69  18:55  Barracks  
  69  18:56  Starport Tech Lab  
  69  19:07  Terran Ship Weapons Level 1, Refinery  
  69  19:15  Supply Depot  
  69  19:39  Supply Depot  
  69  19:49  Barracks Reactor  
  69  20:01  Supply Depot  
  69  20:21  Refinery  
  69  20:25  Supply Depot  
  69  20:57  Supply Depot  
  69  21:18  SCV, Marine  
  71  21:20  Banshee  
  71  21:37  Supply Depot  
  71  21:38  Terran Vehicle And Ship Armor Level 2  
  71  21:42  Cloaking Field  
  71  21:58  Marine  
  71  21:59  SCV  
  73  22:02  Supply Depot  
  73  22:11  SCV  
  73  22:14  Marine x2  
  76  22:16  Marine  
  75  22:23  SCV  
  75  22:28  Medivac  
  78  22:34  Marine  
  78  22:35  SCV  
  80  22:50  Engineering Bay  
  80  22:52  Marine  
  80  22:53  Marine  
  80  23:23  Liberator  
  80  23:51  Marine  
  80  23:52  Marine  
  82  24:07  SCV  
  82  24:09  Marine x2  
  85  24:20  SCV  
  86  24:27  Marine  
  87  25:14  SCV  
  87  25:48  Terran Infantry Armor Level 2  
  87  27:03  Command Center  
  87  27:31  SCV, Marine x2  
  87  27:32  Marine  
  87  27:33  Thor  
  73  27:43  SCV  
  64  27:47  Banshee  
  64  27:49  Marine  
  64  27:50  Marine x2  
  70  28:07  Marine  
  70  28:08  Marine  
  70  28:12  Marine  
  53  29:12  Barracks Tech Lab  
  53  29:13  Starport Tech Lab  
  53  29:27  Fusion Core  
  53  29:36  Supply Depot  
  53  29:59  Supply Depot  
  53  30:16  Engineering Bay  
  53  30:21  Refinery  
  53  30:23  Supply Depot  
  53  30:24  Refinery  
  53  30:45  Terran Infantry Weapons Level 1  
  53  30:46  Supply Depot  
  53  30:48  Missile Turret  
  53  31:10  Supply Depot  
  52  31:31  SCV, Marine  
  54  31:33  Supply Depot  
  54  31:39  Missile Turret  
  54  31:43  SCV  
  55  31:54  Marine  
  55  31:56  Supply Depot, SCV  
  57  32:02  Battlecruiser  
  63  32:14  Supply Depot  
  63  32:18  SCV, Marine  
  63  32:20  Supply Depot  
  65  32:30  SCV  
  65  32:35  Marine  
  67  32:43  Supply Depot  
  67  32:53  Marine  
  67  32:58  Missile Turret  
  68  33:07  Battlecruiser  
  68  33:10  Planetary Fortress  
  68  33:11  Marine  
  75  33:23  Hi-Sec Auto Tracking  
  75  33:36  Ghost Academy  
  75  34:07  Armory  
  75  34:49  Battlecruiser  
  75  35:07  Command Center  
  75  35:14  Personal Cloaking  
  75  35:51  Marine  
  76  35:57  Terran Infantry Weapons Level 2  
  76  36:09  Marine  
  77  36:45  Marine  
  72  36:50  Medivac  
  72  36:52  Terran Ship Weapons Level 2  
  74  37:03  Marine  
  75  37:10  Widow Mine  
  77  37:18  Nuke  
  77  37:21  Marine  
  78  37:39  Marine  
  79  37:56  Siege Tank  
  79  37:57  Marine  
  83  38:07  Medivac  
  85  38:14  Ghost  
  87  38:37  Planetary Fortress  
  87  38:43  Marine  
  88  38:58  Medivac  
  88  39:01  Marine  
  91  39:15  SCV  
  92  39:17  Barracks  
  92  39:27  SCV  
  93  39:39  SCV  
  94  39:51  SCV  
  95  40:03  SCV  
  95  40:04  Barracks  
  96  40:09  Barracks Reactor  
  96  40:16  Refinery  
  96  40:19  SCV  
  96  40:20  Refinery  
  97  40:24  Battlecruiser  
  103  40:29  Nuke  
  103  40:31  SCV  
  104  40:37  Weapon Refit  
  104  40:44  SCV  
  105  40:52  Barracks  
  105  40:56  SCV  
  106  41:18  SCV  
  107  41:24  Marine  
  108  41:30  SCV  
  109  41:42  SCV, Barracks Reactor  
  109  41:44  Barracks Reactor  
  110  41:48  Marine  
  110  41:49  Missile Turret  
  109  42:06  Marine  
  97  42:24  Marine  
  89  42:42  Marine  
  89  42:44  Medivac  
  89  42:49  Marine x6  
  94  43:06  Marine x2  
  94  43:07  Marine x4  
  100  43:14  Medivac  
  102  43:24  Marine x3, Starport  
  102  43:25  Marine x3  
  104  43:42  Marine x4  
  105  44:01  Viking  
  103  44:07  Starport, Marine x6  
  106  44:11  SCV  
  104  44:18  Viking  
  104  44:23  SCV  
  107  44:24  Marine  
  107  44:25  Marine  
  109  44:32  Marine  
  110  44:40  Starport Reactor  
  110  44:48  Starport Reactor  
  110  45:19  Engineering Bay  
  110  45:45  Supply Depot  
  110  46:01  SCV, Viking x2, Marine  
  110  46:07  Marine  
  110  46:09  Supply Depot  
  109  46:11  Viking x2  
  109  46:13  SCV  
  113  46:18  Marine  
  113  46:25  SCV  
  115  46:31  Viking x2  
  118  46:36  Marine  
  116  46:41  Viking x2  
  119  46:53  Medivac  
  119  47:01  Viking x2  
  118  47:14  Marine x4  
  118  47:15  Marine x2  
  123  47:23  Medivac  
  125  47:32  Marine  
  125  47:36  Marine  
  117  47:44  Viking x2  
  117  47:45  Viking  
  117  48:15  Viking  
  117  48:16  Viking x3  
  125  48:43  Marine  
  126  49:31  Supply Depot  
  126  49:32  Marine x2  
  126  49:34  Marine x2  
  126  49:48  Marine  
  126  49:49  Marine  
  126  49:50  Marine x2  
  126  49:52  Marine x2  
  107  49:53  Supply Depot  
  87  50:06  Marine  
  87  50:07  Marine  
Show
View Real Time Build Order
Export as new Build Order

Galaxus Zerg - Winner!

Build Orders: Pool First 

Get SALT Encoding   

  12  0:06  Drone  
  13  0:10  Drone  
  14  0:18  Overlord  
  14  0:37  Spawning Pool  
  14  0:42  Drone  
  14  0:43  Drone  
  14  0:46  Drone  
  16  0:59  Extractor  
  16  1:03  Drone  
  16  1:22  Drone x2  
  16  1:24  Queen  
  20  1:28  Zergling x2  
  21  1:37  Drone  
  22  1:57  Roach Warren  
  22  1:58  Overlord  
  21  2:13  Drone  
  22  2:18  Drone  
  23  2:27  Zergling x2  
  24  2:42  Zergling x8  
  27  2:46  Extractor  
  27  2:50  Roach  
  28  2:55  Metabolic Boost  
  28  3:05  Roach  
  30  3:17  Overlord  
  30  3:21  Overlord  
  25  3:46  Roach x5  
  25  3:47  Roach  
  37  4:04  Zergling x2  
  38  4:10  Ravager  
  39  4:21  Zergling x8  
  43  4:29  Overlord  
  43  4:41  Drone  
  44  4:47  Lair  
  44  4:50  Zergling x6  
  44  5:37  Zergling x8  
  44  5:38  Roach x2  
  44  5:39  Baneling Nest  
  51  5:49  Overseer  
  51  6:10  Drone  
  51  6:11  Drone  
  53  6:12  Overlord  
  53  6:36  Ravager  
  54  6:45  Baneling x2  
  54  6:46  Baneling x2  
  54  7:01  Evolution Chamber  
  54  7:02  Evolution Chamber  
  54  7:05  Roach x2, Zergling x4  
  54  7:06  Zergling x2  
  59  7:32  Zergling x4  
  32  8:14  Roach x2  
  32  8:15  Roach x2, Zergling x4  
  32  8:17  Baneling  
  32  8:18  Baneling  
  42  8:20  Roach  
  42  8:30  Zergling x2  
  42  8:33  Overseer  
  43  8:38  Ravager  
  43  8:41  Ravager  
  44  8:45  Zergling x8  
  44  8:47  Baneling x2  
  46  9:12  Hydralisk Den  
  45  9:57  Hydralisk x3  
  51  10:00  Zergling x4  
  51  10:02  Baneling x2  
  53  10:12  Glial Reconstitution  
  53  10:17  Zerg Melee Weapons Level 1  
  53  10:18  Zerg Missile Weapons Level 1  
  53  11:01  Overlord x2  
  53  11:03  Muscular Augments  
  53  11:23  Drone  
  54  11:50  Nydus Network  
  53  11:55  Roach x3  
  53  11:56  Zergling x6  
  62  12:51  Hydralisk x2  
  62  12:52  Hydralisk x2  
  62  12:56  Overlord  
  70  14:39  Pneumatized Carapace  
  70  15:33  Hatchery  
  69  16:03  Nydus Canal  
  44  18:04  Queen  
  46  18:19  Drone x3  
  49  18:50  Drone x2  
  51  19:04  Spawning Pool  
  51  19:05  Roach Warren  
  49  19:26  Drone x3  
  49  19:27  Drone  
  49  19:28  Drone x2  
  55  20:03  Extractor  
  55  20:04  Extractor  
  55  20:06  Lair  
  53  20:25  Hydralisk Den  
  53  20:26  Drone x2  
  53  20:27  Drone  
  55  20:32  Roach x3  
  61  21:03  Hatchery  
  61  21:04  Drone  
  61  21:14  Drone  
  62  21:54  Drone x3  
  62  21:55  Drone  
  66  22:54  Zergling x6  
  66  22:58  Drone x2  
  71  23:01  Drone x4  
  71  23:02  Drone x2  
  77  23:09  Queen  
  69  24:17  Hydralisk x5  
  74  24:39  Drone x3  
  77  24:52  Evolution Chamber  
  77  24:58  Roach  
  77  24:59  Roach x3  
  84  25:01  Overlord  
  84  25:02  Overlord x2  
  84  25:23  Hydralisk x2  
  88  26:18  Zerg Ground Armor Level 1  
  88  26:23  Evolution Chamber  
  87  26:25  Hydralisk  
  87  26:26  Hydralisk x3  
  87  26:27  Roach x2  
  87  26:28  Roach  
  101  27:05  Infestation Pit  
  100  27:12  Roach x2  
  100  27:13  Roach x2  
  100  27:14  Overlord x2  
  104  27:52  Ravager  
  91  28:17  Roach x6  
  91  28:18  Roach  
  91  28:19  Hydralisk x2  
  103  28:20  Hydralisk x4  
  109  29:06  Burrow  
  115  29:37  Zerg Ground Armor Level 2, Zerg Missile Weapons Level 2  
  115  29:41  Zergling x2  
  115  29:44  Overlord x2  
  116  29:56  Overseer  
  116  30:29  Hive  
  116  31:15  Zergling x6  
  116  31:16  Zergling x12  
  125  31:29  Hatchery  
  124  31:48  Extractor  
  124  31:49  Extractor  
  124  31:53  Roach x21  
  124  31:54  Zerg Missile Weapons Level 3  
  122  31:55  Zerg Ground Armor Level 3  
  122  32:04  Roach  
  122  32:05  Roach x4  
  132  32:55  Queen  
  134  33:01  Hydralisk  
  136  33:14  Extractor  
  136  33:15  Extractor  
  134  33:24  Overlord x2  
  134  33:53  Spire  
  133  35:14  Spore Crawler  
  133  35:16  Spore Crawler  
  133  35:19  Spore Crawler  
  130  35:22  Spore Crawler  
  129  35:32  Corruptor x4  
  137  35:35  Zerg Flyer Weapons Level 1  
  137  35:55  Hydralisk x3  
  137  35:56  Hydralisk  
  145  36:15  Drone  
  146  36:25  Spire  
  143  36:47  Corruptor x3  
  149  36:57  Drone x3  
  152  37:08  Queen  
  154  37:16  Overlord x3  
  154  37:32  Greater Spire  
  154  37:59  Zerg Flyer Armor Level 1  
  154  38:22  Corruptor  
  156  38:30  Drone x3  
  159  38:40  Corruptor x2  
  163  38:58  Drone x2  
  165  39:14  Brood Lord  
  165  39:15  Brood Lord  
  169  39:35  Zerg Flyer Weapons Level 2  
  169  40:14  Zerg Flyer Armor Level 2  
  169  40:17  Brood Lord  
  171  40:53  Overseer  
  171  41:52  Brood Lord  
  165  42:49  Brood Lord  
  167  42:55  Corruptor  
  167  42:56  Corruptor x3  
  175  42:59  Zerg Flyer Armor Level 3  
  175  43:00  Zerg Flyer Weapons Level 3  
  175  43:01  Corruptor  
  175  43:03  Overlord  
  175  43:04  Overlord  
  175  43:05  Overlord  
  173  44:28  Brood Lord  
  173  44:29  Brood Lord  
  177  44:42  Corruptor x2  
  177  44:43  Corruptor x2  
  185  44:48  Drone x2  
  185  44:49  Drone x2  
  189  44:53  Drone x3  
  188  46:52  Brood Lord  
  190  47:17  Zerg Melee Weapons Level 2  
  180  48:09  Corruptor x2  
  180  48:10  Corruptor x3  
  190  48:47  Brood Lord  
  177  50:31  Roach x25  
Tags
 
Composition
MMM Bio
League
Silver
Matchup
TvZ
Opening
Pool First
Spawn Locations
Cross Positions
Add a new tag
Caveats
  • Supply blocks, unpowered buildings, or Contaminate may cause inaccurate times.
  • Supply counts are checked every 10 seconds.